l, lawful female dwarven Archeologist ....| ## # |....| ## # #-------------------------------- |....| # ### #|..............@.@.............| |.<...###############|...--------......a-----------.| --.--- # ### #|...| |------.|..|(((| +.| # ### #|...| |.....|.|..|(((| |.| # ### #|...| +-|.._(.|.-|-|...|---.| #|...-+---..|.....|....---|-....| #|..........|.....|.............| ####.........{.---|---.{...........| #|..............................| ----+- #|...-+---...........-|---|--...| |..... #|...| |-------.---|..|..*|...| |.....| #|...| |..|!%.-.-..|..|(!+|...| |......################|...| |. |%%.|.|..|--|?*.|...| ------- |...-----|------.---- -----...| |..............................| -------------------------------- l the Investigator Experience level: 6 Strength: 11 Dexterity: 17 Constitution: 9 Intelligence: 16 Wisdom: 13 Charisma: 9 Health: 0(46) Energy: 15(15) AC: 8 Gold: 434 Moves: 1438 Your Inventory: Coins $ - 434 gold pieces Weapons a - an uncursed +2 bullwhip (weapon in hand) Armor b - an uncursed +0 leather jacket (being worn) c - an uncursed +0 fedora (being worn) A - an [uncursed] +0 pair of speed boots (being worn) Comestibles d - 4 uncursed food rations m - an [uncursed] carrot Tools e - an uncursed +0 pick-axe f - an uncursed tinning kit (0:69) h - an uncursed sack i - an uncursed oil lamp (0:915) q - an [uncursed] key [skeleton key] r - an [uncursed] magic whistle w - an [uncursed] tin opener Gems g - an uncursed touchstone Spells known in the end: Name Level Category Fail Memory Your skills at the end: Fighting Skills Weapon Skills pick-axe [Basic / Expert] sling [Basic / Skilled] whip [Basic / Expert] Spellcasting Skills Final Attributes: You were devoutly aligned. Hunger level was 1049. Your alignment was 15 / 17. Monster difficulty range was 1 - 6. Level difficulty was 7. You had infravision. You were stealthy. You were very fast. Your luck was zero. You are dead. Vanquished creatures: 3 enormous rats a pony an elf zombie 2 baby crocodiles a little dog a wererat a hobgoblin a yellow mold 5 gnomes a gecko 3 jackals a fox 2 kobolds 3 goblins 4 sewer rats 4 grid bugs a lichen a kobold zombie a newt 37 creatures vanquished. Voluntary challenges: You followed a strict vegan diet. You used a wielded weapon 60 times. You read items or engraved 3 times. You put on armor 3 times. You never genocided any monsters. You never polymorphed an object. You never changed form. You used no wishes. You never wrote Elbereth's name. You never encountered a bones level. You never used any Sokoban shortcuts. Dungeon overview: The Dungeons of Doom: levels 1 to 4 Level 1 many fountains a long staircase Level 2 some fountains Level 4 an altar, a fountain stairs to The Gnomish Mines The Gnomish Mines: levels 5 to 7 Level 5 stairs to The Dungeons of Doom Level 7 <- You were here some shops, a temple, a magic chest, some fountains History has recorded: On T:1 you entered the Dungeons of Doom to retrieve the Amulet of Yendor! On T:246 you reached level 2 of The Dungeons of Doom. On T:250 you advanced to experience level 2. On T:366 you advanced to experience level 3. On T:439 you reached level 3 of The Dungeons of Doom. On T:604 you reached level 4 of The Dungeons of Doom. On T:692 you advanced to experience level 4. On T:784 you reached level 1 of The Gnomish Mines. On T:894 you advanced to experience level 5. On T:1043 you reached level 2 of The Gnomish Mines. On T:1076 you advanced to experience level 6. On T:1260 you reached level 3 of The Gnomish Mines. Latest messages: You stop for the watch captain. [HP+1=29] [HP+1=30] This door is locked. [HP+1=31] The giant beetle bites! [HP-11=20] [HP+1=21] You hit the giant beetle. The giant beetle bites! [HP-4=17] You hit the giant beetle. You hear a door open. You hit the giant beetle. (2x) The giant beetle bites! [HP-9=8] You miss the giant beetle. (2x) You hit the giant beetle. The giant beetle bites! You die... The sack is empty. Final status: Goodbye l the Archeologist... You died in The Gnomish Mines on dungeon level 7 with 1783 points, and 434 pieces of gold, after 1438 moves. You were level 6 with a maximum of 46 hit points when you died.